Map: Waterfall

Players

LingMuchDing

  • Race: Protoss Protoss
  • League: Diamond
  • Spawn Location: 7:00

Listig - Winner!

  • Race: Terran Terran
  • League: Diamond
  • Spawn Location: 1:00

VOD

Have the link to the VOD?

Description

Mighty Cylone - into BC

My favorite built against Protoss, it works realy well!

Time

  • Played on: July 27, 2022, 9:54 p.m.
  • Length: 14:31
Show
View Real Time Build Order
Export as new Build Order

LingMuchDing Protoss 

Build Orders:  

Get SALT Encoding   

  12  0:00  Probe  
  13  0:12  Probe  
  14  0:18  Pylon  
  14  0:24  Probe (Chrono Boost)  
  15  0:37  Probe (Chrono Boost)  
  15  0:39  Gateway  
  16  0:46  Probe (Chrono Boost)  
  16  0:47  Assimilator  
  17  0:51  Probe  
  18  1:03  Probe  
  19  1:15  Probe  
  20  1:27  Gateway  
  20  1:29  Pylon  
  20  1:31  Zealot, Gateway  
  22  1:43  Probe  
  23  1:54  Cybernetics Core  
  23  1:55  Probe  
  24  2:15  Pylon  
  24  2:31  Warp Gate  
  24  2:32  Stalker  
  24  2:33  Stalker  
  24  2:34  Stalker  
  30  2:41  Assimilator  
  30  2:42  Probe  
  31  2:55  Pylon  
  31  3:15  Stalker x2 (Chrono Boost)  
  35  3:22  Nexus  
  33  3:39  Stalker (Chrono Boost)  
  35  3:56  Probe  
  35  3:58  Stalker  
  35  3:59  Stalker  
  40  4:08  Probe  
  41  4:14  Twilight Council  
  41  4:20  Probe  
  42  4:33  Probe (Chrono Boost)  
  42  4:34  Probe (Chrono Boost)  
  44  4:44  Probe x2 (Chrono Boost)  
  46  4:48  Probe (Chrono Boost)  
  46  4:49  Probe (Chrono Boost)  
  42  4:54  Charge (Chrono Boost)  
  42  4:57  Stalker x2  
  42  4:59  Probe  
  47  5:00  Probe  
  48  5:11  Probe  
  48  5:13  Probe  
  46  5:16  Stalker  
  47  5:23  Probe  
  47  5:25  Probe  
  47  5:27  Gateway  
  49  5:35  Probe  
  42  5:37  Probe  
  42  5:40  Stalker x3  
  40  5:57  Shield Battery  
  34  6:07  Zealot x3  
  34  6:11  Probe  
  39  6:12  Probe  
  40  6:22  Zealot  
  42  6:38  Shield Battery  
  37  6:43  Probe (Chrono Boost)  
  37  6:46  Robotics Facility  
  39  6:49  Probe (Chrono Boost)  
  39  6:51  Zealot  
  39  6:54  Probe (Chrono Boost)  
  44  7:01  Probe (Chrono Boost)  
  44  7:02  Probe (Chrono Boost)  
  44  7:06  Probe (Chrono Boost)  
  44  7:08  Probe (Chrono Boost)  
  37  7:17  Probe, Zealot  
  37  7:20  Probe  
  41  7:29  Probe  
  42  7:32  Probe  
  40  7:40  Zealot x2  
  40  7:41  Probe  
  40  7:44  Probe, Zealot  
  46  7:52  Observer (Chrono Boost)  
  46  7:53  Probe (Chrono Boost)  
  46  7:58  Probe (Chrono Boost)  
  49  8:02  Zealot  
  49  8:05  Probe (Chrono Boost)  
  50  8:13  Probe x2 (Chrono Boost)  
  50  8:19  Probe  
  53  8:33  Zealot  
  53  8:34  Zealot  
  52  8:35  Stalker  
  52  8:37  Nexus  
  52  8:40  Pylon  
  52  8:41  Probe x2  
  56  8:42  Pylon  
  56  8:53  Probe x2  
  56  8:54  Blink (Chrono Boost)  
  58  8:56  Assimilator  
  58  9:05  Probe x2  
  60  9:10  Shield Battery  
  60  9:14  Immortal  
  64  9:17  Probe (Chrono Boost)  
  64  9:18  Probe (Chrono Boost)  
  64  9:21  Pylon  
  66  9:27  Pylon  
  66  9:29  Probe (Chrono Boost)  
  68  9:32  Zealot x2  
  68  9:35  Probe (Chrono Boost)  
  68  9:37  Probe (Chrono Boost)  
  73  9:42  Stalker x2, Probe (Chrono Boost)  
  78  9:51  Templar Archives  
  78  9:53  Probe  
  78  9:56  Robotics Bay  
  78  9:58  Probe  
  78  9:59  Probe  
  81  10:10  Probe  
  81  10:11  Probe  
  83  10:16  Gateway  
  83  10:17  Stalker  
  83  10:19  Gateway  
  85  10:23  Shield Battery  
  85  10:27  Assimilator  
  85  10:30  High Templar  
  85  10:31  Psionic Storm  
  87  10:40  Nexus  
  87  10:41  Probe  
  87  10:42  Probe  
  89  10:43  Probe  
  89  10:48  Pylon  
  90  10:53  Disruptor, Probe  
  90  10:55  Assimilator  
  94  11:00  Robotics Facility  
  94  11:02  Assimilator  
  94  11:04  Probe x2  
  94  11:05  Probe  
  97  11:16  Probe  
  97  11:17  Probe x2  
  100  11:21  High Templar  
  100  11:22  High Templar  
  101  11:29  Probe x2 (Chrono Boost)  
  101  11:30  Stalker x2, Probe (Chrono Boost)  
  104  11:41  Probe x2 (Chrono Boost)  
  104  11:42  Probe (Chrono Boost)  
  104  11:45  Stalker  
  104  11:46  Shield Battery  
  108  11:47  Stalker, Probe (Chrono Boost)  
  108  11:48  Probe x2 (Chrono Boost)  
  108  11:53  Pylon  
  113  11:55  Probe x2  
  113  11:56  Forge, Probe  
  113  11:59  Disruptor  
  119  12:12  Forge  
  117  12:29  Stalker x6  
  110  12:45  Stargate  
  110  12:49  Disruptor  
  113  12:53  Probe x4  
  117  13:02  Immortal  
  117  13:03  Zealot x2  
  117  13:04  Stalker, Zealot x3  
  117  13:05  Probe x4  
  135  13:17  Probe x3  
  135  13:18  Probe  
  125  13:28  Stargate  
  125  13:30  Stargate  
  125  13:31  Fleet Beacon  
  119  13:36  Stalker x2  
  115  13:47  Stalker x3  
  115  13:50  Stalker  
  105  14:09  Stalker x2  
  95  14:10  Stalker  
  79  14:24  Stalker x3  
Show
View Real Time Build Order
Export as new Build Order

Listig Terran - Winner!

Build Orders: 2 Factory, Cyclone Opening 

Get SALT Encoding   

  12  0:00  SCV  
  13  0:12  SCV  
  14  0:17  Supply Depot  
  14  0:25  SCV  
  15  0:29  Refinery  
  15  0:39  SCV  
  16  0:46  Barracks  
  16  0:51  SCV  
  17  0:57  Refinery  
  17  1:04  SCV  
  18  1:16  SCV  
  19  1:32  Orbital Command  
  19  1:34  Barracks Tech Lab  
  19  1:37  Factory  
  19  1:52  Factory  
  19  1:59  SCV  
  20  2:10  Supply Depot  
  20  2:12  SCV  
  21  2:16  Barracks Tech Lab  
  21  2:24  SCV  
  21  2:28  Mag-Field Accelerator  
  22  2:32  Cyclone  
  25  2:39  SCV  
  25  2:42  Supply Depot  
  26  2:48  Widow Mine  
  28  3:04  SCV  
  29  3:06  Cyclone  
  31  3:15  Armory  
  31  3:16  Supply Depot  
  31  3:17  SCV  
  32  3:38  Cyclone  
  35  3:52  Cyclone  
  38  3:57  Supply Depot  
  38  4:17  Command Center  
  38  4:23  Cyclone  
  41  4:27  SCV  
  42  4:38  Refinery x2  
  42  4:44  Cyclone  
  45  4:56  Cyclone  
  49  5:00  SCV  
  49  5:22  Cyclone  
  45  5:44  Cyclone  
  48  6:08  SCV  
  49  6:11  Terran Vehicle And Ship Armor Level 1  
  49  6:17  SCV  
  49  6:18  Barracks  
  50  6:20  SCV  
  51  6:29  SCV  
  51  6:32  SCV  
  47  6:35  Cyclone  
  50  6:41  SCV  
  50  6:44  SCV  
  52  6:49  Command Center  
  52  6:55  SCV  
  53  7:07  SCV  
  55  7:16  Orbital Command  
  55  7:20  SCV  
  55  7:25  Starport  
  55  7:27  Starport  
  55  7:28  Supply Depot  
  55  7:32  SCV  
  53  7:45  SCV x2  
  55  7:57  SCV x2  
  57  8:01  Orbital Command, Widow Mine x2  
  57  8:04  Starport Tech Lab  
  57  8:05  Starport Reactor  
  61  8:09  Terran Vehicle And Ship Armor Level 2  
  61  8:10  Fusion Core  
  61  8:11  SCV x2  
  61  8:23  SCV  
  57  8:38  Siege Tank x2  
  64  8:41  SCV x2  
  65  8:55  Liberator  
  65  8:56  Raven  
  65  8:58  SCV x2  
  65  8:59  SCV  
  65  9:00  Barracks Tech Lab  
  73  9:03  Orbital Command  
  73  9:04  Weapon Refit  
  73  9:05  Armory  
  73  9:10  Starport  
  73  9:11  Starport  
  73  9:20  Supply Depot, SCV  
  73  9:24  SCV  
  75  9:27  Engineering Bay  
  75  9:29  SCV  
  76  9:32  SCV  
  76  9:36  SCV  
  76  9:37  Command Center  
  78  9:46  Battlecruiser  
  78  9:48  Starport Tech Lab x2  
  84  9:58  Refinery, SCV  
  85  10:02  SCV  
  85  10:04  Missile Turret  
  85  10:06  Missile Turret  
  83  10:07  Battlecruiser  
  83  10:08  Refinery  
  83  10:09  SCV  
  90  10:16  SCV x2  
  90  10:19  Terran Ship Weapons Level 1  
  90  10:21  SCV  
  93  10:23  Supply Depot  
  93  10:28  SCV x2  
  95  10:33  SCV  
  96  10:43  Refinery  
  96  10:44  Sensor Tower, Terran Vehicle And Ship Armor Level 3  
  96  10:46  Supply Depot  
  96  10:49  Refinery  
  96  10:52  Supply Depot  
  96  10:55  SCV  
  97  10:57  Orbital Command  
  97  11:00  SCV  
  97  11:01  SCV  
  97  11:02  Supply Depot  
  99  11:07  SCV  
  100  11:12  SCV  
  100  11:13  SCV  
  100  11:15  Battlecruiser  
  100  11:16  Supply Depot  
  108  11:33  SCV x2  
  108  11:36  Battlecruiser x2  
  108  11:38  SCV  
  108  11:39  SCV  
  124  11:40  Supply Depot  
  124  11:45  SCV  
  125  11:49  Command Center  
  125  11:51  Supply Depot  
  125  12:02  Liberator  
  125  12:06  Advanced Ballistics  
  128  12:13  Terran Vehicle Weapons Level 1  
  128  12:19  Battlecruiser  
  114  12:41  Battlecruiser x2  
  126  12:46  SCV  
  127  12:57  Refinery  
  127  12:59  Refinery  
  127  13:03  Command Center  
  144  14:05  Orbital Command  
Tags
 
Add a new tag
Caveats
  • Supply blocks, unpowered buildings, or Contaminate may cause inaccurate times.
  • Supply counts are checked every 10 seconds.